 Dungeon Crawl Stone Soup version 0.29.1-15-g9cfb28693d (webtiles) character file.

Game seed: 15967686931148143118

131 386 the Shield-Bearer (level 5, -10/47 HPs)
             Began as a Gnoll Fighter on Mar 26, 2023.
             Killed by divine providence
             ... invoked by an orc priest
              (11 damage)
             ... on level 3 of the Dungeon.
             The game lasted 00:09:20 (2989 turns).

386 the Shield-Bearer (Gnoll Fighter)               Turns: 2989, Time: 00:09:20

Health: -10/47     AC: 14    Str: 17    XL:     5   Next: 14%
Magic:  7/7        EV:  9    Int:  7    God:
Gold:   124        SH:  5    Dex: 12    Spells: 6/6 levels left

rFire   . . .      SeeInvis .   m - +1 mace (protect)
rCold   . . .      Faith    .   c - +0 buckler
rNeg    . . .      Spirit   .   b - +0 scale mail
rPois   .          Reflect  .   (no helmet)
rElec   .          Harm     .   (no cloak)
rCorr   .          Rampage  .   (no gloves)
Will    .....                   (no boots)
Stlth   ..........              (no amulet)
HPRegen 0.15/turn               (no ring)
MPRegen 0.10/turn               (no ring)

@: under a protective aura
A: fangs 1, strong nose, distributed training
a: no special abilities


You were on level 3 of the Dungeon.
You visited 1 branch of the dungeon, and saw 3 of its levels.

You collected 124 gold pieces.

Inventory:

Hand Weapons
 a - a +0 trident
 m - a +1 mace of protection (weapon)
Missiles
 o - 5 javelins (quivered)
Armour
 b - a +0 scale mail (worn)
 c - a +0 buckler (worn)
 h - a +0 chain mail
Scrolls
 f - 3 scrolls of identify {unknown}
 g - a scroll of torment {unknown}
 j - 2 scrolls of immolation {unknown}
 k - a scroll of poison {unknown}
Potions
 d - 2 potions of might
 e - a potion of berserk rage {unknown}
 i - 2 potions of curing {unknown}
 l - 2 potions of attraction {unknown}
 n - a potion of lignification {unknown}


   Skills:
 + Level 6.7 Fighting
 + Level 1.4 Short Blades
 + Level 1.4 Long Blades
 + Level 1.4 Axes
 + Level 1.4 Maces & Flails
 + Level 4.7 Polearms
 + Level 1.4 Staves
 + Level 1.4 Ranged Weapons
 + Level 1.4 Throwing
 + Level 6.7 Armour
 + Level 1.4 Dodging
 + Level 1.4 Stealth
 + Level 6.7 Shields
 + Level 1.4 Unarmed Combat
 + Level 1.4 Spellcasting
 + Level 1.1 Conjurations
 + Level 1.1 Hexes
 + Level 1.1 Summonings
 + Level 1.1 Necromancy
 + Level 1.1 Translocations
 + Level 1.1 Transmutations
 + Level 1.1 Fire Magic
 + Level 1.1 Ice Magic
 + Level 1.1 Air Magic
 + Level 1.1 Earth Magic
 + Level 1.1 Poison Magic
 + Level 1.6 Invocations
 + Level 1.4 Evocations


You had 6 spell levels left.
You didn't know any spells.
Your spell library contained the following spells:

 Spells                   Type           Power      Damage    Failure   Level
 Ensorcelled Hibernation  Hex/Ice        4%         N/A       82%         2
 Ignite Poison            Fire/Tmut/Pois 2%         N/A       96%         3
 Mephitic Cloud           Conj/Pois/Air  2%         N/A       96%         3
 Spider Form              Tmut/Pois      2%         N/A       96%         3
 Anguish                  Hex/Necr       1%         N/A       100%        4
 Animate Dead             Necr           2%         N/A       100%        4
 Borgnjor's Vile Clutch   Necr/Erth      1%         N/A       100%        5
 Freezing Cloud           Conj/Ice/Air   1%         6-21      100%        5
 Death Channel            Necr           1%         N/A       100%        6


Dungeon Overview and Level Annotations

Branches:
Dungeon (3/15)

Altars:
Gozag
Trog

Shops:
D:2 *[:!(


Innate Abilities, Weirdness & Mutations

You have very sharp teeth.
Your uncanny sense of smell can sniff out nearby items.
Your experience applies equally to all skills.


Message History

* * * LOW HITPOINT WARNING * * *
You closely miss the orc.
The orc is moderately wounded.
The orc misses you.
The endoplasm hits you but does no damage.
You hit the orc but do no damage.
Your weapon exudes an aura of protection.
The orc is moderately wounded.
The orc hits you but does no damage.
The endoplasm hits you but does no damage.
The orc priest begins to cast a cantrip, but forgets the words!
You barely miss the orc.
The orc is moderately wounded.
The orc hits you but does no damage. The endoplasm barely misses you.
You block the endoplasm's attack. You block the orc's attack.
You hit the orc.
The orc is heavily wounded.
The endoplasm barely misses you. The orc hits you but does no damage.
The orc priest mumbles some strange prayers to Beogh against you.
Beogh smites you!
* * * LOW HITPOINT WARNING * * *
You hit the orc but do no damage.
The orc is heavily wounded.
The orc closely misses you.
The endoplasm hits you but does no damage.
You hit the orc.
The orc is severely wounded.
The orc hits you with a +0 mace.
* * * LOW HITPOINT WARNING * * *
The endoplasm freezes you.
You are frozen.
* * * LOW HITPOINT WARNING * * *
The endoplasm freezes you.
You are frozen.
* * * LOW HITPOINT WARNING * * *
You block the orc's attack. The orc attacks as you move away!
You block the orc's attack.
The orc priest mumbles some strange prayers to Beogh against you.
Beogh smites you!
You die...

#.#.######.#)########
#.#.#.....###....†...
#.#...<>.#.#.##.#####
#.###.#####.###.# # #.# #.#
#.# #.# # #.###.# #.# #.# #
#o..#################
#.#Jo................
#(#.@.#..#..#..#..#..
#o#.........†........
#########.##..#..#..#..#..#..
#.......J.#................[.
.#.....o.#.#################
#.o.....#. #.......##
....o...###.# .##.#..## ....


You could see an orc priest, an orc and an endoplasm.

Vanquished Creatures
  7 adders
  A worm (D:2)
  2 dart slugs
  4 orcs (D:3)
  5 ball pythons
  6 bats
  4 endoplasms
  6 goblins
  7 hobgoblins
  2 jackals (D:2)
  3 kobolds
  2 quokkas
  3 frilled lizards
  6 rats
58 creatures vanquished.

Notes
Turn   | Place    | Note
-------+----------+-------------------------------------------
     0 | D:1      | 386 the Gnoll Fighter began the quest for the Orb.
     0 | D:1      | Reached XP level 1. HP: 23/23 MP: 1/1
   172 | D:1      | Reached XP level 2. HP: 27/29 MP: 2/2
   952 | D:2      | Noticed a shining eye
   952 | D:2      | Found a faded altar of an unknown god.
   967 | D:2      | Reached XP level 3. HP: 19/35 MP: 2/4
  1125 | D:2      | Noticed a shining eye
  1129 | D:2      | Noticed a floating eye
  1129 | D:2      | Noticed a shining eye
  1144 | D:2      | Reached skill level 1 in Invocations
  1267 | D:2      | Found Teoss's Distillery.
  1333 | D:2      | Reached skill level 1 in Short Blades
  1333 | D:2      | Reached skill level 1 in Long Blades
  1333 | D:2      | Reached skill level 1 in Axes
  1333 | D:2      | Reached skill level 1 in Maces & Flails
  1333 | D:2      | Reached skill level 1 in Staves
  1333 | D:2      | Reached skill level 1 in Ranged Weapons
  1333 | D:2      | Reached skill level 1 in Throwing
  1333 | D:2      | Reached skill level 1 in Dodging
  1333 | D:2      | Reached skill level 1 in Stealth
  1333 | D:2      | Reached skill level 1 in Unarmed Combat
  1333 | D:2      | Reached skill level 1 in Spellcasting
  1333 | D:2      | Reached skill level 1 in Evocations
  1564 | D:2      | Reached XP level 4. HP: 36/41 MP: 5/5
  1661 | D:2      | Found Henajin's General Store.
  1773 | D:2      | Found Votefozu's Antique Armour Shoppe.
  1803 | D:2      | Found Wicybuach's Book Emporium.
  1815 | D:2      | Found Qamath's Antique Weapon Shop.
  2282 | D:3      | Reached skill level 1 in Conjurations
  2282 | D:3      | Reached skill level 1 in Hexes
  2282 | D:3      | Reached skill level 1 in Summonings
  2282 | D:3      | Reached skill level 1 in Necromancy
  2282 | D:3      | Reached skill level 1 in Translocations
  2282 | D:3      | Reached skill level 1 in Transmutations
  2282 | D:3      | Reached skill level 1 in Fire Magic
  2282 | D:3      | Reached skill level 1 in Ice Magic
  2282 | D:3      | Reached skill level 1 in Air Magic
  2282 | D:3      | Reached skill level 1 in Earth Magic
  2282 | D:3      | Reached skill level 1 in Poison Magic
  2554 | D:3      | Reached XP level 5. HP: 29/47 MP: 5/7
  2778 | D:3      | Found a bloodstained altar of Trog.
  2962 | D:3      | Found an opulent altar of Gozag.
  2988 | D:3      | HP: 2/47 [frozen (2)]
  2989 | D:3      | Killed from afar by an orc priest

Illustrated notes

Levels and vault maps discovered:
D:1:      evilmike_arrival_fibonacci_small, layout_basic, serial_forest,
          infiniplex_forest_clump_small, infiniplex_forest_clump_C,
          infiniplex_forest_clump_small, infiniplex_forest_clump_C,
          infiniplex_forest_clump_diagonal, infiniplex_forest_lined_3
D:2:      minmay_alternating_diamond, layout_basic,
          hellmonk_ecumenical_altar_watching_god, serial_shops,
          nicolae_square_shop, shop_fountains, nicolae_shop_statue_plus,
          nicolae_shop_behind_doors, nicolae_shop_statue_plus,
          minmay_liquid_box, minmay_misc_feat_ornament, dreamdust_wishing_well
D:3:      wander_river, layout_loops_ring, grunt_gozag_statues,
          lightli_temple_of_fire, general_overflow_altar, columned_hall_lemuel,
          grunt_ministairs_8, kennysheep_generic_room_5

Skill      XL: |  1  2  3  4 |
---------------+-------------+-----
Invocations    | 1 |  1.6
Short Blades   | 1 |  1.4
Long Blades    | 1 |  1.4
Axes           | 1 |  1.4
Maces & Flails | 1 |  1.4
Staves         | 1 |  1.4
Ranged Weapons | 1 |  1.4
Throwing       | 1 |  1.4
Dodging        | 1 |  1.4
Stealth        | 1 |  1.4
Unarmed Combat | 1 |  1.4
Spellcasting   | 1 |  1.4
Evocations     | 1 |  1.4
Conjurations   | 1 |  1.1
Hexes          | 1 |  1.1
Summonings     | 1 |  1.1
Necromancy     | 1 |  1.1
Translocations | 1 |  1.1
Transmutations | 1 |  1.1
Fire Magic     | 1 |  1.1
Ice Magic      | 1 |  1.1
Air Magic      | 1 |  1.1
Earth Magic    | 1 |  1.1
Poison Magic   | 1 |  1.1
Fighting       | |  6.7
Polearms       | |  4.7
Armour         | |  6.7
Shields        | |  6.7

Action                   |  1- 3 |  4- 6 || total
-------------------------+-------+-------++-------
Melee: Trident           |   120 |    11 ||   131
       Bite              |     8 |    21 ||    29
       Mace              |       |   113 ||   113
 Stab: Distracted        |     1 |       ||     1
Armor: Scale mail        |    48 |    71 ||   119
Dodge: Dodged            |    50 |    52 ||   102
Block: Buckler           |    23 |    41 ||    64
